Map: Dusk Towers

Players

Klovos - Winner!

  • Race: Protoss Protoss
  • League: Gold

Grumm

  • Race: Protoss Protoss
  • League: Gold

VOD

Have the link to the VOD?

Description

Time

  • Played on: Jan. 31, 2016, 7:41 p.m.
  • Length: 13:33
Show
View Real Time Build Order
Export as new Build Order

Klovos Protoss - Winner!

Build Orders: Dark Templar Rush 

Get SALT Encoding   

  12  0:01  Probe (Chrono Boost)  
  13  0:11  Probe (Chrono Boost)  
  14  0:22  Probe (Chrono Boost)  
  14  0:23  Pylon  
  15  0:41  Probe (Chrono Boost)  
  15  0:42  Gateway  
  16  0:48  Assimilator  
  16  0:52  Assimilator, Probe (Chrono Boost)  
  17  1:02  Probe (Chrono Boost)  
  18  1:19  Probe (Chrono Boost)  
  19  1:31  Cybernetics Core  
  19  1:34  Pylon  
  19  1:45  Pylon  
  19  1:46  Probe (Chrono Boost)  
  20  2:00  Probe (Chrono Boost)  
  21  2:06  Gateway  
  21  2:16  Mothership Core (Chrono Boost), Twilight Council  
  21  2:18  Warp Gate (Chrono Boost)  
  23  2:27  Gateway  
  23  2:58  Probe  
  24  3:10  Probe  
  24  3:11  Dark Shrine  
  25  3:13  Pylon  
  25  3:21  Pylon  
  25  3:34  Pylon, Gateway  
  23  3:45  Probe  
  24  3:57  Probe  
  25  4:12  Pylon  
  25  4:29  Pylon  
  25  4:34  Dark Templar  
  25  4:35  Dark Templar x3  
  23  5:21  Stalker  
  23  5:22  Stalker  
  23  5:26  Probe  
  28  5:38  Probe  
  29  5:48  Dark Templar x2  
  29  5:49  Dark Templar  
  35  5:50  Probe  
  36  6:02  Probe  
  37  6:14  Probe  
  34  6:38  Probe  
  34  6:39  Zealot  
  35  6:40  Zealot x3  
  41  6:50  Probe  
  42  7:02  Probe  
  43  7:14  Probe  
  44  7:19  Zealot x3  
  44  7:20  Zealot  
  52  7:24  Charge (Chrono Boost)  
  52  7:40  Stalker x2  
  52  7:41  Stalker  
  58  7:46  Stalker  
  60  8:06  Stalker  
  60  8:07  Stalker  
  60  8:09  Stalker  
  66  8:31  Stalker x2  
  70  8:50  Pylon  
  70  8:51  Pylon  
  70  8:56  Pylon  
  70  9:07  Archon  
  70  9:14  Stalker  
  70  9:15  Stalker x2  
  76  9:19  Stalker  
  52  10:17  Stalker x3  
  52  10:18  Stalker  
  60  10:40  Stalker  
  60  10:41  Stalker x3  
  42  11:51  Dark Templar  
  42  11:52  Dark Templar x3  
  40  12:31  Zealot  
  40  12:32  Zealot x2  
  46  13:09  Nexus  
Show
View Real Time Build Order
Export as new Build Order

Grumm Protoss 

Build Orders: 1 Gate Expand, Oracle Opening 

Get SALT Encoding   

  12  0:01  Probe (Chrono Boost)  
  13  0:12  Probe (Chrono Boost)  
  14  0:21  Pylon  
  14  0:26  Probe (Chrono Boost)  
  15  0:39  Probe (Chrono Boost)  
  15  0:40  Gateway  
  17  0:50  Probe (Chrono Boost)  
  17  0:55  Assimilator  
  17  1:00  Probe (Chrono Boost)  
  18  1:22  Nexus  
  18  1:32  Cybernetics Core  
  18  1:33  Probe (Chrono Boost)  
  19  1:41  Assimilator  
  19  1:51  Forge  
  19  1:59  Pylon  
  19  2:08  Warp Gate  
  19  2:10  Adept  
  19  2:13  Probe (Chrono Boost)  
  22  2:26  Probe (Chrono Boost)  
  23  2:31  Photon Cannon  
  23  2:39  Gateway  
  23  2:49  Probe x2 (Chrono Boost)  
  24  3:01  Probe x2 (Chrono Boost)  
  26  3:08  Stargate  
  26  3:11  Probe x2 (Chrono Boost)  
  28  3:22  Probe (Chrono Boost)  
  29  3:29  Probe (Chrono Boost)  
  29  3:32  Probe (Chrono Boost)  
  31  3:38  Photon Cannon  
  31  3:40  Probe (Chrono Boost)  
  32  3:43  Probe (Chrono Boost)  
  33  3:50  Probe (Chrono Boost)  
  33  3:53  Probe (Chrono Boost)  
  35  3:56  Oracle  
  35  4:01  Probe (Chrono Boost)  
  37  4:04  Probe (Chrono Boost)  
  37  4:07  Assimilator  
  38  4:10  Pylon  
  38  4:11  Probe (Chrono Boost)  
  38  4:14  Probe (Chrono Boost)  
  40  4:17  Pylon  
  40  4:22  Probe (Chrono Boost)  
  41  4:25  Protoss Air Weapons Level 1, Probe (Chrono Boost)  
  41  4:28  Stalker  
  41  4:29  Stalker  
  46  4:42  Probe (Chrono Boost)  
  47  4:52  Photon Cannon  
  47  4:55  Photon Cannon  
  47  4:56  Probe x2 (Chrono Boost)  
  47  4:57  Fleet Beacon  
  34  5:33  Stalker  
  34  5:34  Assimilator, Stalker  
  38  5:52  Pylon  
  38  5:58  Photon Cannon  
  37  6:12  Mothership Core (Chrono Boost)  
  32  6:35  Pylon  
  31  6:43  Pylon  
  31  6:50  Zealot x2  
  35  6:56  Photon Cannon  
  35  6:57  Gateway  
  35  7:00  Gateway  
  35  7:01  Void Ray  
  39  7:16  Pylon  
  39  7:27  Pylon  
  39  7:36  Photon Cannon  
  39  7:45  Gateway  
  39  7:47  Gateway  
  39  7:49  Pylon  
  39  7:52  Nexus  
  39  7:53  Photon Cannon  
  39  8:00  Gateway  
  39  8:02  Void Ray  
  43  8:07  Probe (Chrono Boost)  
  45  8:20  Probe (Chrono Boost)  
  45  8:23  Robotics Facility  
  45  8:30  Probe (Chrono Boost)  
  45  8:32  Assimilator  
  46  8:38  Assimilator  
  46  8:43  Zealot x2  
  46  8:46  Stalker  
  52  9:02  Void Ray  
  56  9:10  Probe (Chrono Boost)  
  56  9:11  Probe (Chrono Boost)  
  56  9:13  Observer  
  59  9:21  Probe (Chrono Boost)  
  59  9:22  Probe (Chrono Boost)  
  61  9:32  Probe (Chrono Boost)  
  44  10:00  Zealot x3  
  44  10:01  Zealot  
  32  10:22  Void Ray (Chrono Boost)  
  32  10:24  Immortal  
  32  10:27  Stalker x2  
  40  10:28  Stalker  
  40  10:31  Zealot  
  44  10:53  Probe  
  44  10:56  Stalker  
  44  10:57  Stalker  
  49  10:58  Sentry  
  43  11:28  Zealot x3  
  41  11:54  Zealot x4  
  35  12:33  Immortal  
  39  12:55  Nexus  
  39  13:16  Pylon  
Tags
 
Add a new tag
Caveats
  • Supply blocks, unpowered buildings, or Contaminate may cause inaccurate times.
  • Supply counts are checked every 10 seconds.